 Dungeon Crawl Stone Soup version 0.29-a0-187-ga23d9638d5 (webtiles) character file.

Game seed: 15390036316274781839

116 googobbug the Chopper (level 5, 0/46 HPs)
             Began as a Hill Orc Fighter on Feb 21, 2022.
             Slain by an orc priest (1 damage)
             ... on level 5 of the Dungeon.
             The game lasted 00:07:07 (1650 turns).

googobbug the Chopper (Hill Orc Fighter)            Turns: 1650, Time: 00:07:09

Health: 0/46       AC:  4    Str: 21    XL:     5   Next: 0%
Magic:  5/5        EV:  9    Int:  8    God:
Gold:   47         SH:  4    Dex: 10    Spells: 4/4 levels left

rFire   . . .      SeeInvis .   a - +0 war axe
rCold   . . .      Faith    .   c - +0 buckler
rNeg    . . .      Spirit   .   b - +0 scale mail
rPois   +          Reflect  .   (no helmet)
rElec   .          Harm     .   (no cloak)
rCorr   .          Rampage  .   (no gloves)
Will    .....                   (no boots)
Stlth   +.........              (no amulet)
HPRegen 0.15/turn               (no ring)
MPRegen 0.09/turn               (no ring)

@: lethally poisoned (0 -> -3), invisible
A: camouflage 1, deformed body, poison resistance
a: no special abilities


You were on level 5 of the Dungeon.
You visited 1 branch of the dungeon, and saw 5 of its levels.

You collected 47 gold pieces.

Inventory:

Hand Weapons
 a - a +0 war axe (weapon)
Armour
 b - a +0 scale mail (worn)
 c - a +0 buckler (worn)
 k - a +0 ring mail
Jewellery
 g - a +6 ring of intelligence
 i - an amulet of magic regeneration
 l - an amulet of the acrobat
 o - a +6 ring of intelligence
Wands
 r - a wand of flame (5)
Scrolls
 f - a scroll of teleportation {unknown}
 j - a scroll of immolation {unknown}
 m - a scroll of fear {unknown}
 p - a scroll of identify {unknown}
Potions
 d - a potion of might
 n - a potion of cancellation {unknown}
 q - 2 potions of brilliance {unknown}


   Skills:
 + Level 4.2 Fighting
 + Level 4.3 Axes
 + Level 4.3 Armour
 + Level 0.7 Dodging
 + Level 3.8 Shields


You had 4 spell levels left.
You didn't know any spells.
Your spell library was empty.

Dungeon Overview and Level Annotations

Branches:
Dungeon (6/15)
 Temple: D:4-7

Altars:
Fedhas
Kikubaaqudgha
Xom


Innate Abilities, Weirdness & Mutations

Your skin changes colour to match your surroundings (Stealth+).
Armour fits poorly on your strangely shaped body.
Your system is resistant to poisons. (rPois)


Message History

You are poisoned.
The scorpion poisons you!
The orc priest hits you with a +0 hand axe.
You barely miss the orc priest. You barely miss the scorpion.
You feel very sick. The scorpion stings you.
The orc priest hits you with a +0 hand axe!
* * * LOW HITPOINT WARNING * * *
The orc barely misses you. The scorpion completely misses you.
You hit the scorpion but do no damage.
The scorpion is heavily wounded.
You closely miss the orc priest.
* * * LOW HITPOINT WARNING * * *
You feel sick.
The orc priest hits you but does no damage.
The scorpion completely misses you. You block the orc's attack.
The orc priest shouts, "Beogh is our master!
Accept the truth or die!"
The orc priest hits you with a +0 hand axe.
* * * LOW HITPOINT WARNING * * *
You hit the scorpion but do no damage.
The scorpion is heavily wounded.
You hit the orc priest.
* * * LOW HITPOINT WARNING * * *
You feel sick. The scorpion closely misses you.
The orc hits you but does no damage.
The scorpion stings you but does no damage.
The orc priest hits you with a +0 hand axe.
* * * LOW HITPOINT WARNING * * *
It was a potion of invisibility.
You fade into invisibility!
* * * LOW HITPOINT WARNING * * *
You feel sick. The orc barely misses you. The scorpion barely misses you.
The orc priest hits you but does no damage.
It was a potion of mutation.
You feel extremely strange.
Your skin functions as natural camouflage.
Your body twists and deforms.
You feel resistant to poisons.
* * * LOW HITPOINT WARNING * * *
You feel sick. The orc barely misses you. The scorpion barely misses you.
The orc priest hits you with a +0 hand axe.
You die...

#.. ...###.. ....# #.)#
..<... ..# ....
#..####.... ..####...
#......#..###.........
##.........#.#.#####.>.
##..............#P..#.).
#......o...)....#._P#.#.
...............##...#.#.
.##..o@...#...#...##...
......s....##.)#...#[...
..........##............
#......................#
#...........###...#..###
#.........### #..P#..#
#........<# #P..##.##
......###.# #P_P#...
#P.P#...


You could see a scorpion, an orc priest and an orc.

Vanquished Creatures
  An orc priest (D:5)
  A jelly (D:5)
  An adder (D:2)
  2 worms (D:2)
  3 dart slugs
  3 orcs
  A ball python (D:1)
  An endoplasm (D:2)
  A giant cockroach (D:2)
  4 goblins
  2 hobgoblins (D:2)
  4 jackals (D:1)
  2 bats
  A frilled lizard (D:2)
  5 kobolds
  A rat (D:3)
33 creatures vanquished.

Vanquished Creatures (others)
  A fungus (D:1)
  A plant (D:1)
  2 withered plants (D:5)
4 creatures vanquished.

Grand Total: 37 creatures vanquished

Notes
Turn   | Place    | Note
-------+----------+-------------------------------------------
     0 | D:1      | googobbug the Hill Orc Fighter began the quest for the Orb.
     0 | D:1      | Reached XP level 1. HP: 19/19 MP: 1/1
   432 | D:1      | Reached XP level 2. HP: 27/27 MP: 2/2
   605 | D:1      | Found a faded altar of an unknown god.
   841 | D:2      | Reached XP level 3. HP: 31/33 MP: 3/3
  1585 | D:3      | You fall into a shaft and drop 3 floors!
  1585 | D:6      | Noticed an angel
  1585 | D:6      | Found a shimmering altar of Xom.
  1612 | D:5      | Entered Level 5 of the Dungeon
  1617 | D:5      | Reached XP level 4. HP: 27/40 MP: 4/4
  1620 | D:5      | Found an ancient bone altar of Kikubaaqudgha.
  1623 | D:5      | Found a blossoming altar of Fedhas.
  1639 | D:5      | Reached XP level 5. HP: 30/46 MP: 5/5
  1649 | D:5      | HP: 2/46 [poisoned by a scorpion]
  1650 | D:5      | Gained mutation: Your skin changes colour to match your
                  | surroundings (Stealth+). [potion of mutation]
  1650 | D:5      | Gained mutation: Armour fits poorly on your strangely
                  | shaped body. [potion of mutation]
  1650 | D:5      | Gained mutation: Your system is resistant to poisons.
                  | (rPois) [potion of mutation]
  1650 | D:5      | Slain by an orc priest

Illustrated notes

Levels and vault maps discovered:
D:1:      minmay_arrival_widening_spiral_wide, layout_loops_ring,
          shapermc_ecumenical_altar_acropolis
D:2:      layout_loops_cross, basic_altar, uniq_terence, uniq_sigmund
D:3:      layout_basic, uniq_jessica
D:5:      layout_cave_pools, grunt_temple_overflow_growth_and_decay,
          mainiacjoe_overflow_paths, biasface_ghost_orc_armoury, enter_ossuary_5
D:6:      layout_basic, grunt_temple_overflow_order_and_chaos_1,
          old_standard_altar, serial_shops, nicolae_shop_stone,
          minmay_increasing_density

Skill      XL: |  1  2  3 |
---------------+----------+-----
Fighting       | 4 |  4.2
Axes           | 3 4 |  4.3
Armour         | 4 |  4.3
Dodging        | |  0.7
Shields        | |  3.8

Action                   |  1- 3 |  4- 6 || total
-------------------------+-------+-------++-------
Melee: War axe           |    95 |    11 ||   106
  Use: Potion            |       |     2 ||     2
Armor: Scale mail        |    34 |     6 ||    40
Dodge: Dodged            |    49 |     9 ||    58
Block: Buckler           |    29 |     4 ||    33

Table legend: (Time is in decaauts)
 A = Elapsed time spent in this place.
 B = Non-inter-level travel time spent in this place.
 C = Inter-level travel time spent in this place.
 D = Time resting spent in this place.
 E = Time spent auto-exploring this place.
 F = Levels seen in this place.
 G = Mean time per level.
                   A        B        C        D        E       F      G
               +--------+--------+--------+--------+--------+-----+--------+
         Total |   1692 |   1692 |      0 |    493 |     54 |   5 |  338.4 |
       Dungeon |   1692 |   1692 |      0 |    493 |     54 |   5 |  338.4 |
               +--------+--------+--------+--------+--------+-----+--------+

Top non-repeatable levels by time:
     D:2: 691 daAuts
     D:1: 645 daAuts
     D:3: 286 daAuts
     D:5: 42 daAuts
     D:6: 26 daAuts
